 Dungeon Crawl Stone Soup version 0.17-a0-1020-ge683cc4 (webtiles) character file.

4435 Siq the Martial Artist (level 10, -14/70 HPs)
             Began as a Demonspawn Monk on May 16, 2015.
             Was a High Priest of Okawaru.
             Demolished by a stone giant (17 damage)
             ... on level 9 of the Dungeon.
             The game lasted 00:17:28 (8396 turns).

Siq the Martial Artist (Demonspawn Monk)            Turns: 8396, Time: 00:17:28

Health: -14/70     AC: 11    Str: 11    XL:     10   Next: 14%
Magic:  0/10       EV: 21    Int: 12    God:    Okawaru [*****.]
Gold:   177        SH:  0    Dex: 19    Spells: 0 memorised, 9 levels left

rFire  . . .     SeeInvis +       - Unarmed
rCold  . . .     Clarity  .     m - +0 ring mail
rNeg   . . .     SustAb   .     (no shield)
rPois  .         Gourm    .     (helmet restricted)
rElec  .         Spirit   +     x - +0 cloak
rCorr  .         Warding  .     (no gloves)
rMut   .         Stasis   .     (no boots)
MR     .....                    (no amulet)
Stlth  +++.......               y - ring of see invisible
                                h - +4 ring of protection

@: heroism, not resistant to hostile enchantments, fairly stealthy
A: claws 2, horns 1, talons 1, powered by death 1, magic shield, magic
regeneration
a: Heroism, Finesse, Renounce Religion


You were on level 9 of the Dungeon.
You worshipped Okawaru.
Okawaru was extremely pleased with you.
You were hungry.

You visited 1 branch of the dungeon, and saw 9 of its levels.

You collected 398 gold pieces.
You spent 221 gold pieces at shops.

Inventory:

Hand weapons
 b - a +0 blowgun
Missiles
 f - 36 poisoned needles
Armour
 m - a +0 ring mail (worn)
 x - a +0 cloak (worn)
Jewellery
 h - a +4 ring of protection (left claw)
 y - a ring of see invisible (right claw)
Magical devices
 j - a wand of fire (13)
 q - a wand of digging (13)
 A - a wand of flame (24)
 B - a wand of draining (5)
Scrolls
 c - 4 scrolls of remove curse
 g - 4 scrolls of blinking
 n - a scroll of fog
 r - a scroll of recharging
 z - a scroll of amnesia {unknown}
 C - 2 scrolls of teleportation
 D - a scroll of identify
Potions
 e - a potion of invisibility
 i - 3 potions of flight
 k - a potion of heal wounds
 l - 8 potions of curing
 o - 2 potions of might
 p - 3 potions of agility
 t - a potion of ambrosia {unknown}
 u - a potion of beneficial mutation {unknown}
 v - 2 potions of brilliance
Comestibles
 a - 10 bread rations
 d - a chunk of flesh
 s - 5 fruits
 w - 4 meat rations


   Skills:
 + Level 3.6(8.6) Fighting
 - Level 10.0(15.0) Dodging
 - Level 1.7(6.7) Stealth
 - Level 10.0(15.0) Unarmed Combat
 - Level 1.1 Invocations


You had 9 spell levels left.
You didn't know any spells.

Dungeon Overview and Level Annotations

Branches:
Dungeon (9/15)             Temple (0/1) D:6            Lair (0/8) D:8
    Orc: D:9-12

Altars:
Ashenzari
Elyvilon
Gozag
Okawaru
Qazlal
Vehumet
The Shining One

Shops:
D:5 *=?:[


Innate Abilities, Weirdness & Mutations

You have very sharp fingernails.
You have a pair of small horns on your head.
You have sharp toenails.
You can steal the life force of nearby defeated enemies.
When hurt, damage is shared between your health and your magic reserves.
You regenerate magic rapidly.


Message History

You headbutt the stone giant.
The stone giant is moderately wounded.
The bat completely misses you.
Your ring mail prevents you from hitting the stone giant.
You claw the stone giant, but do no damage.
You headbutt the stone giant.
The stone giant is moderately wounded.
The bat closely misses you. The stone giant hits you!!
* * * LOW HITPOINT WARNING * * *
You scratch the stone giant but do no damage.
You headbutt the stone giant, but do no damage.
The stone giant is moderately wounded.
The bat closely misses you.
The stone giant hits you but does no damage.
You claw the stone giant!
You claw the stone giant, but do no damage.
You headbutt the stone giant.
The stone giant is heavily wounded.
The bat barely misses you. The stone giant hits you!!
You die...

#########
#####≈≈≈≈≈≈≈≈
##..≈≈≈≈≈≈≈≈≈ ##
###..≈≈≈≈###### .#
....≈≈≈8##....## ≈.#.
##≈≈≈.##......##≈≈...
#≈≈≈.8#..####..#≈≈...
#≈≈>..'$.#|%#C.#≈≈...
#≈≈<..'..#?['@b#≈≈...
#≈≈≈.8#..####(.#≈≈...
##≈≈≈.##......## ...
##≈≈≈8##...(## .
#..≈≈≈≈######
#...≈≈≈≈≈≈≈≈≈
#.....≈≈≈≈≈≈≈≈.
................
.....###..##


You could see a stone giant (bleeding) and a bat.

Vanquished Creatures
  Pikel (D:8)
  Grinder (D:5)
  A two-headed ogre (D:8)
  A spriggan (D:7)
  Sigmund (D:2)
  A hippogriff (D:8)
  A deep elf fighter (D:8)
  2 hungry ghosts
  Edmund (D:5)
  A water moccasin (D:6)
  An ice beast (D:5)
  3 orc warriors
  2 sky beasts
  2 phantoms
  An ogre (D:6)
  A centaur (D:8)
  A giant frog (D:6)
  Blork the orc (D:5)
  A big kobold (D:8)
  A scorpion (D:8)
  5 crimson imps
  A wight (D:6)
  5 hounds
  A jelly (D:5)
  A giant frog zombie (D:6)
  A centaur skeleton (D:5)
  An electric eel (D:9)
  2 orc priests (D:8)
  A quasit (D:6)
  2 orc wizards
  5 iguanas
  6 worker ants
  A killer bee zombie (D:8)
  A hound zombie (D:5)
  2 hound skeletons (D:7)
  3 river rats (D:8)
  2 worker ant zombies
  8 adders
  4 shadow imps
  An ooze (D:4)
  An adder zombie (D:8)
  2 worms
  5 giant geckos
  11 orcs
  2 ball pythons
  14 bats
  A bat skeleton (D:8)
  6 giant cockroaches
  7 goblins
  16 hobgoblins
  4 jackals
  2 quokkas (D:2)
  A giant newt (D:2)
  A jackal skeleton (D:7)
  15 kobolds
  19 rats
185 creatures vanquished.

Vanquished Creatures (others)
  4 slaves (D:8)
  A sky beast (D:8)
  An orc (D:8)
  A bat (D:8)
7 creatures vanquished.

Grand Total: 192 creatures vanquished

Notes
Turn   | Place    | Note
--------------------------------------------------------------
     0 | D:1      | Siq the Demonspawn Monk began the quest for the Orb.
     0 | D:1      | Reached XP level 1. HP: 18/18 MP: 1/1
   517 | D:1      | Reached skill level 4 in Unarmed Combat
   520 | D:1      | Gained mutation: You have sharp fingernails. [demonic ancestry]
   520 | D:1      | Reached XP level 2. HP: 21/24 MP: 2/2
  1147 | D:2      | Found a radiant altar of Vehumet.
  1157 | D:2      | Found a white marble altar of Elyvilon.
  1328 | D:2      | Reached XP level 3. HP: 27/29 MP: 3/3
  1673 | D:2      | Noticed Sigmund
  1699 | D:2      | Killed Sigmund
  1699 | D:2      | Reached skill level 6 in Unarmed Combat
  1699 | D:2      | Gained mutation: When hurt, damage is shared between your health and your magic reserves. [demonic ancestry]
  1699 | D:2      | Reached XP level 4. HP: 27/35 MP: 4/4
  1699 | D:2      | Gained mutation: You have very sharp fingernails. [demonic ancestry]
  1699 | D:2      | Reached XP level 5. HP: 31/41 MP: 5/5
  2316 | D:3      | Found an iron altar of Okawaru.
  2316 | D:3      | Found a stormy altar of Qazlal.
  2317 | D:3      | Found a glowing golden altar of the Shining One.
  2324 | D:3      | Became a worshipper of Warmaster Okawaru
  2324 | D:3      | Acquired Okawaru's first power
  3123 | D:3      | Found an opulent altar of Gozag.
  3267 | D:4      | Gained mutation: You have a pair of small horns on your head. [demonic ancestry]
  3267 | D:4      | Reached XP level 6. HP: 47/47 MP: 6/6
  3608 | D:4      | Reached skill level 7 in Unarmed Combat
  3726 | D:4      | Found a shattered altar of Ashenzari.
  3910 | D:5      | Entered Level 5 of the Dungeon
  3921 | D:5      | Noticed Edmund
  3934 | D:5      | Killed Edmund
  3965 | D:5      | Reached skill level 1 in Invocations
  3965 | D:5      | Gained mutation: You can steal the life force of nearby defeated enemies. [demonic ancestry]
  3965 | D:5      | Reached XP level 7. HP: 52/52 MP: 7/7
  3972 | D:5      | Found Colousu's Book Shoppe.
  4088 | D:5      | Reached skill level 8 in Unarmed Combat
  4286 | D:5      | Found Uchaac Ohie's Armour Emporium.
  4290 | D:5      | Bought a +1 robe of magic resistance for 177 gold pieces
  4696 | D:5      | Found Midghudau's Jewellery Shoppe.
  4721 | D:5      | Noticed Grinder
  4738 | D:5      | Killed Grinder
  4738 | D:5      | Reached skill level 9 in Unarmed Combat
  4746 | D:5      | Found Huefif's General Store.
  4787 | D:5      | Found Wicot's Magic Scroll Emporium.
  4810 | D:5      | Bought a scroll of identify for 22 gold pieces
  4810 | D:5      | Bought a scroll of identify for 22 gold pieces
  4816 | D:5      | Noticed Blork the orc
  4838 | D:5      | Killed Blork the orc
  4838 | D:5      | Gained mutation: You regenerate magic rapidly. [demonic ancestry]
  4838 | D:5      | Reached XP level 8. HP: 30/58 MP: 3/8
  5676 | D:6      | Reached skill level 10 in Unarmed Combat
  5730 | D:6      | Found a staircase to the Ecumenical Temple.
  6182 | D:6      | Reached skill level 5 in Dodging
  6307 | D:7      | Reached XP level 9. HP: 59/63 MP: 7/9
  7113 | D:8      | Found a staircase to the Lair.
  7185 | D:8      | Noticed Pikel
  7191 | D:8      | Killed Pikel
  7191 | D:8      | Acquired Okawaru's second power
  7691 | D:8      | Gained mutation: You have sharp toenails. [demonic ancestry]
  7691 | D:8      | Reached XP level 10. HP: 32/70 MP: 5/10
  8052 | D:8      | Reached skill level 10 in Dodging
  8388 | D:9      | Noticed a stone giant
  8394 | D:9      | HP: 3/70 [stone giant (22)]
  8396 | D:9      | Demolished by a stone giant

Vault maps used:
D:1:      saegor_arrival_simple_f
D:2:      amethyst_overflow_temple_binary, uniq_sigmund
D:3:      nicolae_gozag_cash_rules_everything_around_me,
          gammafunk_temple_overflow_claw, minmay_misc_feat_diagonals
D:4:      cheibrodos_ashenzari_chains
D:5:      first_bread, serial_shops, shop, shop, nicolae_shop_trees,
          kennysheep_mini, kennysheep_mini_moat, kennysheep_generic_room_14,
          uniq_edmund, uniq_grinder, uniq_blork_the_orc
D:6:      minmay_temple_entry_junction2, hangedman_minor_gate_pass
D:7:      the_bakery
D:8:      grunt_lair_entry_elf_guard_hut, uniq_pikel, uniq_prince_ribbit1
D:9:      kennysheep_island_fort

Action                   |  1- 3 |  4- 6 |  7- 9 | 10-12 || total
-------------------------+-------+-------+-------+-------++-------
Melee: Unarmed           |    87 |   106 |   357 |    40 ||   590
 Fire: Blowgun           |       |     4 |     5 |     3 ||    12
Invok: Heroism           |       |     2 |    10 |     2 ||    14
  Use: Scroll            |     3 |     9 |     6 |       ||    18
       Potion            |     1 |       |       |       ||     1
 Stab: Sleeping          |       |     1 |       |       ||     1
  Eat: Chunk             |     2 |     7 |     5 |     2 ||    16
       Royal jelly       |       |       |     2 |       ||     2
       Pizza             |       |       |     1 |       ||     1
       Fruit             |       |       |     1 |       ||     1
       Beef jerky        |       |       |     1 |       ||     1
